 Dungeon Crawl Stone Soup version 0.32-a0-120-gfac0567ad4 (webtiles) character file.

Game seed: 11088312998150638722

79 jasper the Vexing (level 4, -4/32 HPs)
             Began as a Barachi Hexslinger on Feb 6, 2024.
             Was an Initiate of Fedhas.
             Incinerated by a bombardier beetle (5 damage)
             ... with a burning spray
             ... on level 3 of the Dungeon.
             The game lasted 00:04:22 (2140 turns).

jasper the Vexing (Barachi Hexslinger)              Turns: 2140, Time: 00:04:22

Health: -4/32      AC:  6    Str:  9    XL:     4   Next: 38%
Magic:  5/5        EV: 12    Int: 16    God:    Fedhas [......]
Gold:   182        SH:  0    Dex: 14    Spells: 2/5 levels left

rFire   . . .        a - +2 sling
rCold   . . .        (no shield)
rNeg    . . .        c - +0 robe
rPois   .            (no helmet)
rElec   .            (no cloak)
rCorr   .            n - +0 pair of gloves
SInv    .            f - +2 pair of boots
Will    .....        (no amulet)
Stlth   +            (no ring)
HPRegen 0.25/turn    (no ring)
MPRegen 0.09/turn

%: no passive effects
@: on fire, glowing, slow
A: amphibious, slowness 1, strong legs 1, +LOS
a: Hop, Renounce Religion


You were on level 3 of the Dungeon.
You worshipped Fedhas.
Fedhas was noncommittal.
You visited 1 branch of the dungeon, and saw 3 of its levels.

You collected 182 gold pieces.

Inventory:

Hand Weapons
 a - a +2 sling (weapon)
Missiles
 k - 3 curare-tipped darts
Armour
 c - a +0 robe (worn)
 f - a +2 pair of boots (worn)
 n - a +0 pair of gloves (worn)
Jewellery
 l - a ring of positive energy
Wands
 p - a wand of roots (11)
Scrolls
 b - a scroll of poison
 e - a scroll of teleportation {unknown}
 m - a scroll of fear
 q - a scroll of identify {unknown}
 r - a scroll of noise {unknown}
Potions
 d - a potion of magic {unknown}
 g - a potion of might {unknown}
 h - a potion of resistance {unknown}
 i - 2 potions of curing
 j - 2 potions of brilliance {unknown}
 o - a potion of degeneration {unknown}


   Skills:
 - Level 1.2 Fighting
 - Level 3.3 Ranged Weapons
 - Level 2.1 Dodging
 - Level 1.1 Spellcasting
 + Level 4.0 Hexes
 + Level 2.4 Fire Magic


You had 2 spell levels left.
You knew the following spells:

 Your Spells              Type           Power      Damage    Failure   Level
a - Inner Flame           Hex/Fire       11%        N/A       19%         3

Your spell library contained the following spells:

 Spells                   Type           Power      Damage    Failure   Level
 Jinxbite                 Hex            26%        N/A       7%          2
 Sting                    Conj/Alch      0%         1d3       22%         1
 Lesser Beckoning         Tloc           0%         N/A       34%         2
 Mercury Vapours          Alch/Air       0%         N/A       34%         2
 Sigil of Binding         Hex            13%        N/A       13%         3
 Cause Fear               Hex            6%         N/A       41%         4
 Gell's Gravitas          Tloc           0%         N/A       56%         3
 Teleport Other           Tloc           0%         N/A       56%         3
 Dimensional Bullseye     Hex/Tloc       3%         N/A       69%         4
 Olgreb's Toxic Radiance  Alch           0%         N/A       92%         4
 Summon Forest            Summ/Tloc      0%         N/A       99%         5
 Eringya's Noxious Bog    Alch           0%         4d6       100%        6
 Summon Hydra             Summ           0%         N/A       100%        7


Dungeon Overview and Level Annotations

Branches:
Dungeon (3/15)

Altars:
Fedhas

Annotations:
D:3 3 runed translucent doors


Innate Abilities, Weirdness & Mutations

You are amphibious.
You cover ground slowly.
You can hop short distances.
You have an extended range of vision and can be seen from far away.


Message History

A bombardier beetle comes into view.
The bombardier beetle sprays incendiary fluid at you.
The burning spray hits you.
You are covered in liquid fire!
Fire: a) +2 sling
Press: ? - help, Q - select action, (/) - cycle Shift-Dir - straight line, f - bombardier beetle
Aim: a bombardier beetle (70% to hit)
You shoot a sling bullet.
The sling bullet hits the bombardier beetle.
The bombardier beetle is lightly wounded.
The liquid fire burns you!
You take 4 damage, and have 25/32 hp.
You shake off some of the fire as you move.
The walls and floor vibrate strangely for a moment.
The liquid fire burns you!
You take 5 damage, and have 20/32 hp.
You shake off some of the fire as you move.
The liquid fire burns you!
The bombardier beetle sprays incendiary fluid at you.
The burning spray hits you.
You are even more covered in liquid fire!
You take 2 damage, and have 18/32 hp.
You shake off some of the fire as you move.
The liquid fire burns you!
The bombardier beetle sprays incendiary fluid at you.
The burning spray hits you.
You are even more covered in liquid fire!
You take 7 damage, and have 11/32 hp.
MASSIVE DAMAGE!!
You shake off some of the fire as you move.
The liquid fire burns you!
* * * LOW HITPOINT WARNING * * *
You take 5 damage, and have 6/32 hp.
You shake off some of the fire as you move.
The liquid fire burns you!
* * * LOW HITPOINT WARNING * * *
You take 5 damage, and have 1/32 hp.
You shake off some of the fire as you move.
The liquid fire burns you!
You die...
Fedhas appreciates your contribution to the ecosystem.

#>#...# ###. #....##
#.######... ###..#
#..........
###.###..####.# #####...
#.............######...#.
#.#.###B.##..........####
##.##...######...#.
#.##...# ##..#.
#@##...#######....
#.................
#~####.##..########.#.#
#~~~~.##..# #.#.#
#~###.##..# #.#.#
#†##..########.#.>
#......>..........
####..............
###########.###


You could see a bombardier beetle.

Vanquished Creatures
  2 adders (D:2)
  3 dart slugs
  A ribbon worm (D:3)
  5 ball pythons
  5 bats
  3 endoplasms
  3 giant cockroaches (D:1)
  5 goblins
  6 hobgoblins
  2 jackals (D:3)
  2 kobolds (D:2)
  A quokka (D:2)
  5 frilled lizards
  7 rats
50 creatures vanquished.

Notes
Turn   | Place    | Note
-------+----------+-------------------------------------------
     0 | D:1      | jasper the Barachi Hexslinger began the quest for the Orb.
     0 | D:1      | Reached XP level 1. HP: 15/15 MP: 2/2
   126 | D:1      | Reached XP level 2. HP: 21/21 MP: 3/3
   756 | D:2      | Reached XP level 3. HP: 19/26 MP: 4/4
   760 | D:2      | Learned a level 3 spell: Inner Flame
  1164 | D:2      | Reached XP level 4. HP: 32/32 MP: 5/5
  1632 | D:3      | Found a runed translucent gate.
  1676 | D:3      | Found a runed translucent gate.
  1676 | D:3      | Found a runed translucent gate.
  1759 | D:3      | Found a blossoming altar of Fedhas.
  1770 | D:3      | Became a worshipper of Fedhas Madash
  2112 | D:3      | Reached skill level 4 in Hexes
  2139 | D:3      | HP: 1/32 [burnt (5)]
  2140 | D:3      | Incinerated by a bombardier beetle

Illustrated notes

Levels and vault maps discovered:
D:1:      sevenhm_arrival_forest_fort_large_2, layout_basic
D:2:      layout_basic
D:3:      layout_loops_ring, mainiacjoe_overflow_surrounded_room,
          gammafunk_ghost_icy, mainiacjoe_sewer_entry_somewhere_in_here_2

Skill      XL: |  1  2  3  4 |
---------------+-------------+-----
Ranged Weapons | 3 |  3.3
Fire Magic     | 2 |  2.4
Hexes          | 4 |  4.0
Fighting       | |  1.2
Dodging        | |  2.1
Spellcasting   | |  1.1

Action                     |  1- 3 |  4- 6 || total
---------------------------+-------+-------++-------
   Fire: Sling             |    91 |    52 ||   143
    Use: Scroll            |     2 |     3 ||     5
         Potion            |     1 |       ||     1
 Armour: Robe              |    22 |    10 ||    32
  Dodge: Dodged            |    28 |    14 ||    42

Table legend: (Time is in decaauts)
 A = Elapsed time spent in this place.
 B = Non-inter-level travel time spent in this place.
 C = Inter-level travel time spent in this place.
 D = Time resting spent in this place.
 E = Time spent auto-exploring this place.
 F = Levels seen in this place.
 G = Mean time per level.
                   A        B        C        D        E       F      G
               +--------+--------+--------+--------+--------+-----+--------+
         Total |   2510 |   2418 |     92 |    205 |   1836 |   3 |  836.7 |
       Dungeon |   2510 |   2418 |     92 |    205 |   1836 |   3 |  836.7 |
               +--------+--------+--------+--------+--------+-----+--------+

Top non-repeatable levels by time:
     D:2: 1011 daAuts
     D:1: 847 daAuts
     D:3: 651 daAuts
